 Dungeon Crawl Stone Soup version 0.22.1-6-g1668fe2c40 (webtiles) character file.

1952 Kohma the Covert (level 8, -4/36 HPs)
             Began as a Spriggan Enchanter on Jan 21, 2019.
             Was a Believer of Wu Jian.
             Killed by divine providence
             ... invoked by an orc priest
              (13 damage)
             ... on level 6 of the Dungeon.
             The game lasted 00:29:11 (9179 turns).

Kohma the Covert (Spriggan Enchanter)               Turns: 9179, Time: 00:29:12

Health: -4/36      AC:  3    Str:  5    XL:     8   Next: 99%
Magic:  19/19      EV: 25    Int: 16    God:    Wu Jian [**....]
Gold:   292        SH:  0    Dex: 24    Spells: 15/21 levels left

rFire    + . .     SeeInvis +   a - +2 dagger
rCold    . . .     Gourm    .   (shield restricted)
rNeg     . . .     Faith    .   b - +1 robe
rPois    .         Spirit   .   (helmet restricted)
rElec    .         Reflect  .   d - scarf {repulsion}
rCorr    .         Harm     .   (gloves unavailable)
MR       +....                  (boots unavailable)
Stlth    ++++......             (no amulet)
HPRegen  0.12/turn              h - +6 ring of dexterity
MPRegen  0.16/turn              e - ring of protection from fire

@: starving, repel missiles, very quick
A: very small, unfitting armour, see invisible, herbivore, speed 3, slow
metabolism 2
a: Wall Jump, Renounce Religion


You were on level 6 of the Dungeon.
You worshipped Wu Jian.
Wu Jian was pleased with you.
You were starving.

You visited 2 branches of the dungeon, and saw 7 of its levels.
You also visited: Ossuary.

You collected 292 gold pieces.

Inventory:

Hand Weapons
 a - a +2 dagger (weapon)
 u - a +0 rapier
Missiles
 f - 165 stones (quivered)
Armour
 b - a +1 robe (worn)
 d - a scarf of repulsion (worn)
 q - a +0 cloak
Jewellery
 e - a ring of protection from fire (right hand)
 h - a +6 ring of dexterity (left hand)
Wands
 p - a wand of clouds (4)
 r - a wand of polymorph (13)
 t - a wand of flame (23)
 w - a wand of acid (6)
Scrolls
 c - a scroll of enchant armour
 i - 5 scrolls of teleportation
 m - a scroll of enchant weapon
 s - a scroll of remove curse
Potions
 g - 2 potions of cancellation
 j - a potion of agility
 k - 3 potions of curing
 l - 2 potions of magic
 n - a potion of might {unknown}
 o - a potion of brilliance {unknown}
 z - 2 potions of lignification


   Skills:
 + Level 6.1 Short Blades
 + Level 7.3 Dodging
 + Level 8.3 Stealth
 - Level 7.0 Spellcasting
 - Level 7.0 Hexes
 - Level 2.0 Ice Magic


You had 15 spell levels left.
You knew the following spells:

 Your Spells              Type           Power        Failure   Level  Hunger
a - Corona                Hex            ####...      1%          1    None
b - Ensorcelled Hibernat  Hex/Ice        ###...       3%          2    None
c - Confuse               Hex            ####....     1%          3    ##.....

Your spell library contained the following spells:

 Spells                   Type           Power        Failure   Level  Hunger
 Tukima's Dance           Hex            ####....     1%          3    ##.....
 Dazzling Spray           Conj/Hex       ###...       9%          3    ##.....


Dungeon Overview and Level Annotations

Branches:
Dungeon (6/15)             Temple (1/1) D:5

Altars:
Ashenzari
Cheibriados
Dithmenos
Elyvilon
Fedhas
Gozag
Hepliaklqana
Makhleb
Nemelex Xobeh
Okawaru
Qazlal
Sif Muna
Uskayaw
Vehumet
Wu Jian
Xom
Yredelemnul
The Shining One

Shops:
D:4 (   D:5 }   D:6 !


Innate Abilities, Weirdness & Mutations

You are very small and have problems with some larger weapons.
You are too small for most types of armour.
You have supernaturally acute eyesight. (SInv)
You are a herbivore.
You cover ground extremely quickly.
You need to consume almost no food.


Message History

There is an escape hatch in the ceiling here.
A mysterious force pulls you upwards. The hatch slams shut behind you.
You are no longer glowing.
There is a stone staircase leading down here.
You climb downwards.
There is a stone staircase leading up here.
You see here a ring mail.
Found 22 stones.
Found a shattered altar of Ashenzari.
f - 165 stones (gained 22)
An orc priest comes into view. It is wielding a trident.
The orc priest shouts!
You hear a shout!
An orc priest comes into view. It is wielding a dagger.
An orc comes into view. It is wielding a war axe.
The orc priest shouts!
The orc priest calls down the wrath of Beogh upon you.
You resist with some effort.
The orc priest calls down the wrath of Beogh upon you.
Beogh smites you!
You die...

# #.##..g.....###.# ##.....##
## #
#....##.####.#.####.......###.
# #.#####.# #. ...............
####.......# #.
#..........###. .....#######
#. ###..##........>. ###### #.
#...........##### # #.
#.#..###..### #.. #
#.##.#.......### #.# #
#..@.........<.# #.#
####.#####.###.###.# #.# #.#
#...... ##.## #.###[###.#
#...# #.....###.# #o#o#
#.....##... #..o..#
#.....#.... #.#.###
#.....##... #.#.# #.....###.#


You could see an orc priest.

Vanquished Creatures
  Grinder (D:4)
  Sigmund (D:4)
  Menkaure (D:5)
  3 phantoms
  2 ogres
  An elf zombie (Ossuary)
  2 bullfrogs (D:6)
  3 howler monkeys
  A centaur zombie (D:6)
  2 crimson imps
  A bullfrog zombie (D:6)
  A bullfrog skeleton (D:5)
  A hound (D:5)
  5 orc wizards
  Natasha (thrice) (D:4)
  A worker ant (D:5)
  A hound skeleton (D:6)
  A hound zombie (D:6)
  2 mummies (Ossuary)
  A worker ant zombie (D:3)
  6 gnolls
  5 adders
  A shadow imp (D:4)
  An ooze (D:1)
  2 adder zombies (Ossuary)
  3 adder skeletons
  2 worms
  2 dart slugs
  4 leopard geckos
  11 orcs
  A bat (D:3)
  6 giant cockroaches
  3 goblins
  4 hobgoblins
  7 jackals
  4 quokkas
  9 frilled lizards
  A goblin zombie (Ossuary)
  10 hobgoblin zombies (Ossuary)
  A jackal skeleton (D:5)
  9 kobolds
  12 kobold zombies (Ossuary)
  8 orc zombies (Ossuary)
  2 quokka skeletons
  8 rats
  3 rat zombies (Ossuary)
159 creatures vanquished.

Vanquished Creatures (others)
  A goblin (D:3)
  A fungus (D:4)
2 creatures vanquished.

Grand Total: 161 creatures vanquished

Notes
Turn   | Place    | Note
-------+----------+-------------------------------------------
     0 | D:1      | Kohma the Spriggan Enchanter began the quest for the Orb.
     0 | D:1      | Reached XP level 1. HP: 9/9 MP: 5/5
   189 | D:1      | Reached XP level 2. HP: 13/13 MP: 7/7
   193 | D:1      | Learned a level 2 spell: Ensorcelled Hibernation
   466 | D:2      | Found a snail-covered altar of Cheibriados.
  1136 | D:2      | Noticed a crimson imp
  1249 | D:1      | Reached XP level 3. HP: 13/16 MP: 3/8
  1312 | D:2      | Reached skill level 5 in Hexes
  1464 | D:2      | Reached XP level 4. HP: 21/21 MP: 7/10
  1474 | D:2      | Found a faded altar of an unknown god.
  3303 | D:2      | Found a snail-covered altar of Cheibriados.
  3349 | D:2      | Found a faded altar of an unknown god.
  4036 | D:3      | Paralysed by an orc for 7 turns
  4369 | D:3      | Found a white marble altar of Elyvilon.
  4430 | D:3      | Learned a level 3 spell: Confuse
  4738 | D:4      | Reached XP level 5. HP: 11/24 MP: 0/12
  5009 | D:4      | Noticed Natasha
  5024 | D:4      | Killed Natasha
  5078 | D:4      | Noticed an ogre
  5181 | D:4      | Noticed Grinder
  5206 | D:4      | Killed an ogre
  5206 | D:4      | Reached skill level 5 in Spellcasting
  5206 | D:4      | Reached XP level 6. HP: 28/28 MP: 11/14
  5234 | D:4      | Killed Grinder
  5234 | D:4      | Reached skill level 5 in Stealth
  5234 | D:4      | Reached skill level 1 in Ice Magic
  5234 | D:4      | Reached XP level 7. HP: 24/32 MP: 10/15
  5331 | D:4      | Noticed Sigmund
  5338 | D:4      | Killed Sigmund
  5561 | D:4      | Found Kuni's Antique Weapon Shop.
  5848 | D:4      | Noticed Natasha
  5857 | D:4      | Killed Natasha
  6165 | D:5      | Entered Level 5 of the Dungeon
  6455 | D:4      | Found Kuni's Antique Weapon Shop.
  6562 | D:4      | Noticed Natasha
  6571 | D:4      | Killed Natasha
  6676 | D:5      | Reached skill level 5 in Dodging
  6690 | D:5      | Found Haerud Zoddu's General Store.
  6716 | D:5      | Found Boxumom's Gadget Shoppe.
  6728 | D:5      | Reached skill level 6 in Stealth
  6770 | D:5      | Reached XP level 8. HP: 30/36 MP: 13/18
  6920 | D:5      | Noticed Menkaure
  6926 | D:5      | Killed Menkaure
  6930 | D:5      | Found a blossoming altar of Fedhas.
  7051 | D:5      | Reached skill level 5 in Short Blades
  7271 | D:5      | Found a staircase to the Ecumenical Temple.
  7279 | Temple   | Entered the Ecumenical Temple
  7312 | Temple   | Became a worshipper of the Wu Jian Council
  7770 | D:6      | Reached skill level 7 in Stealth
  8052 | D:6      | Found Momap's Distillery.
  8236 | D:6      | Reached skill level 8 in Stealth
  8346 | D:6      | Found a sand-covered staircase.
  8355 | Ossuary  | Entered an ossuary
  8375 | Ossuary  | Reached * piety under Wu Jian
  8605 | Ossuary  | Reached ** piety under Wu Jian
  8991 | D:6      | Found an iron altar of Okawaru.
  9163 | D:6      | Found a shattered altar of Ashenzari.
  9179 | D:6      | Killed from afar by an orc priest

Skill      XL: |  1  2  3  4  5  6  7  8 |
---------------+-------------------------+-----
Spellcasting   | 3 4 5 6 7 |  7.0
Hexes          | 4 5 6 7 |  7.0
Short Blades   | 2 3 4 6 |  6.1
Dodging        | 4 5 7 |  7.3
Stealth        | 5 6 8 |  8.3
Ice Magic      | 1 2 |  2.0

Action                   |  1- 3 |  4- 6 |  7- 9 || total
-------------------------+-------+-------+-------++-------
Melee: Dagger            |    64 |   235 |   430 ||   729
Throw: Stone             |       |       |     1 ||     1
 Cast: Corona            |     1 |       |       ||     1
       Ensorcelled Hiber |    13 |    46 |    43 ||   102
       Confuse           |       |     6 |    12 ||    18
Invok: Whirlwind         |       |       |    57 ||    57
       Lunge             |       |       |    16 ||    16
       Wall Jump         |       |       |     2 ||     2
Evoke: Wand              |       |       |     5 ||     5
  Use: Scroll            |       |     8 |     7 ||    15
 Stab: Sleeping          |    17 |    23 |    38 ||    78
       Confused          |       |     2 |    11 ||    13
  Eat: Ration            |       |     2 |     2 ||     4
Armor: Robe              |     3 |    18 |    18 ||    39
Dodge: Dodged            |    40 |   195 |   279 ||   514
       Deflected         |       |       |     3 ||     3
